 Dungeon Crawl Stone Soup version 0.17-a0-2127-g1cb09f6 (webtiles) character file.

101 septik the Magician (level 4, -1/30 HPs)
             Began as a Mummy Wizard on Oct 22, 2015.
             Killed from afar by Natasha (12 damage)
             ... with a magic dart
             ... on level 2 of the Dungeon.
             The game lasted 00:20:17 (4684 turns).

septik the Magician (Mummy Wizard)                  Turns: 4684, Time: 00:20:18

Health: -1/30      AC:  3    Str: 10    XL:     4   Next: 48%
Magic:  1/8        EV: 12    Int: 18    God:
Gold:   134        SH:  0    Dex: 10    Spells: 3 memorised, 3 levels left

rFire  x . .     SeeInvis .     g - +0 dagger
rCold  + . .     Clarity  .     a - +0 robe
rNeg   + + +     SustAt   .     (no shield)
rPois  ∞         Gourm    .     b - +1 hat
rElec  .         Spirit   .     (no cloak)
rCorr  .         Warding  .     (no gloves)
rMut   .         Stasis   .     (no boots)
MR     .....                    (no amulet)
Stlth  ++........               (no ring)
                                (no ring)

@: very slightly contaminated, not resistant to hostile enchantments, unstealthy
A: no food or potions, fire vulnerability, cold resistance 1, negative energy
resistance 3, torment resistance, unbreathing
a: no special abilities


You were on level 2 of the Dungeon.
You were not hungry.

You visited 1 branch of the dungeon, and saw 3 of its levels.

You collected 134 gold pieces.

Inventory:

Hand Weapons
 f - a +0 hunting sling
 g - a +0 dagger (weapon)
 l - a +1 hand axe of electrocution
 q - a +0 hunting sling
Missiles
 d - 124 stones (quivered)
 h - 35 bolts
 i - 19 arrows
 j - 22 poisoned needles
 o - 5 curare-tipped needles
 p - 3 javelins
Armour
 a - a +0 robe (worn)
 b - a +1 hat (worn)
Jewellery
 m - a +6 ring of intelligence {unknown}
Books
 c - a book of Minor Magic

   Spells                             Type                      Level
   a - Magic Dart                     Conjuration                  1
   b - Blink                          Translocation                2
   c - Call Imp                       Summoning                    2
   d - Repel Missiles                 Charms/Air                   2
   e - Slow                           Hexes                        2
   f - Conjure Flame                  Conjuration/Fire             3
   g - Mephitic Cloud                 Conjuration/Poison/Air       3


   Skills:
 - Level 1.5 Dodging
 - Level 1.5 Stealth
 - Level 3.0 Spellcasting
 - Level 2.4 Conjurations
 - Level 0.7 Summonings
   Level 0.7 Translocations
 * Level 1.7 Air Magic
 + Level 1.4 Poison Magic


You had 3 spell levels left.
You knew the following spells:

 Your Spells              Type           Power        Failure   Level  Hunger
a - Magic Dart            Conj           ##..         8%          1    N/A
b - Call Imp              Summ           #.......     21%         2    N/A
c - Mephitic Cloud        Conj/Pois/Air  #.......     24%         3    N/A

Dungeon Overview and Level Annotations

Branches:
Dungeon (3/15)

Altars:
Qazlal

Annotations:
D:2 Natasha
D:3 exclusion: orc wizard, Crazy Yiuf


Innate Abilities, Weirdness & Mutations

You do not eat or drink.
Your flesh is vulnerable to fire.
You are immune to poison.
Your flesh is cold resistant.
You are immune to negative energy.
You are immune to unholy pain and torment.
You can survive without breathing.


Message History

The puff of frost hits your white imp.
Your white imp resists.
Natasha stares at you and mumbles some strange words.
You resist with some effort.
The crimson imp hits you but does no damage.
Your white imp hits the white imp.
Your white imp freezes the white imp.
The white imp resists.
The crimson imp blinks!
Your white imp hits the white imp.
Your white imp freezes the white imp.
The white imp completely resists.
The crimson imp summons a swarm of flies.
Your white imp barely misses the white imp.
The crimson imp lashes its tail.
The crimson imp blinks!
Natasha growls.
Natasha casts a spell at you. The magic dart hits you!
You see here a royal jelly.
Natasha stares at you and mumbles some strange words.
The magic dart hits you!
You die...

.####.###.#.#########...#.#.#####
.......##.#.# #.....'...#
#########.#.# #.#...#.###
#.#.#######.#...#.# #
#.#>.....h.h#...#.# #
#.######.#.##...#.# # #.#
#%#h##...#.# # ###### #.#
#.#.######.# ### #....####.#
#@#5## #.# #.. #.........# #.#5.#
#.# #.. #.........# #.##.## #.#
#.. #....!....# #.##..# #.#####..
..........# #.###5# #...).#..
..........# #.# #!## #.....#..
..........# #.# #..# #.....###
....#.....# #.# ##.###.#######
....##'##.# #.# #..##.# #.


You could see Natasha.

Vanquished Creatures
  A giant gecko (D:2)
  9 bats
  3 giant cockroaches
  4 goblins
  5 hobgoblins
  A ball python (D:2)
  A giant newt (D:1)
  3 kobolds
  12 rats
39 creatures vanquished.

Vanquished Creatures (collateral kills)
  Ijyb (D:3)
  Terence (D:3)
  Natasha (D:3)
  2 adders (D:2)
  A worm (D:2)
  2 hobgoblins
  2 kobolds (D:2)
  3 rats
13 creatures vanquished.

Vanquished Creatures (others)
  A kobold (D:1)
1 creature vanquished.

Grand Total: 53 creatures vanquished

Notes
Turn   | Place    | Note
--------------------------------------------------------------
     0 | D:1      | septik the Mummy Wizard began the quest for the Orb.
     0 | D:1      | Reached XP level 1. HP: 13/13 MP: 4/4
    37 | D:1      | Reached skill level 1 in Conjurations
   519 | D:1      | Reached XP level 2. HP: 14/19 MP: 0/6
   523 | D:1      | Learned a level 2 spell: Call Imp
  1194 | D:2      | Found a stormy altar of Qazlal.
  2087 | D:2      | Reached XP level 3. HP: 24/24 MP: 1/7
  2092 | D:2      | Learned a level 3 spell: Mephitic Cloud
  3204 | D:2      | Reached skill level 1 in Poison Magic
  3282 | D:3      | Noticed Natasha
  3714 | D:3      | Noticed Terence
  3727 | D:3      | Killed Terence
  3727 | D:3      | Reached skill level 1 in Air Magic
  3727 | D:3      | Reached XP level 4. HP: 30/30 MP: 2/8
  3763 | D:3      | Noticed Ijyb
  3793 | D:3      | Killed Ijyb
  4081 | D:3      | Killed Natasha
  4382 | D:3      | Noticed Natasha
  4383 | D:3      | Noticed Crazy Yiuf
  4684 | D:2      | Killed from afar by Natasha

Vault maps used:
D:1:      saegor_arrival_miasma, st_stairs_9, item_on_display_a
D:2:      nicolae_overflow_crystal_walls
D:3:      first_bread, uniq_natasha, uniq_crazy_yiuf_cottage, uniq_terence,
          uniq_iyjb

Action                   |  1- 3 |  4- 6 || total
-------------------------+-------+-------++-------
Melee: Dagger            |    50 |    28 ||    78
Throw: Stone             |    11 |       ||    11
 Cast: Magic Dart        |    73 |     5 ||    78
       Call Imp          |    34 |    20 ||    54
  Use: Scroll            |     1 |     5 ||     6
 Stab: Distracted        |       |     1 ||     1
